 Dungeon Crawl Stone Soup version 0.28.0-45-g0d030f2227 (webtiles) character file.

Game seed: 16462621206675132306

40770 raph the Severer (level 14, -1/126 HPs)
             Began as a Hill Orc Fighter on May 7, 2022.
             Was a High Priest of Beogh.
             Slain by a swamp worm (8 damage)
             ... on level 5 of the Lair of Beasts.
             The game lasted 00:30:56 (24119 turns).

raph the Severer (Hill Orc Fighter)                Turns: 24119, Time: 00:30:57

Health: -1/126     AC: 29    Str: 20    XL:     14   Next: 12%
Magic:  23/23      EV: 12    Int:  8    God:    Beogh [*****.]
Gold:   852        SH:  5    Dex: 20    Spells: 13/13 levels left

rFire   . . .      SeeInvis .   a - +5 battleaxe (freeze)
rCold   + . .      Faith    .   (shield currently unavailable)
rNeg    . . .      Spirit   .   B - +5 chain mail "Riustri" {+Blink rElec Will- MP+9}
rPois   .          Reflect  +   Y - +4 helmet of the Tuna {Dex+6}
rElec   +          Harm     .   R - +2 cloak
rCorr   .          Rampage  .   v - +2 pair of gloves
Will    +....                   (no boots)
Stlth   ..........              p - amulet of reflection
HPRegen 0.31/turn               f - ring of willpower
MPRegen 0.18/turn               n - ring of protection from cold

@: on berserk cooldown, slowed, very slow
A: walk on water
a: Renounce Religion, Evoke Blink, Smiting, Recall Orcish Followers, Give Item
to Named Follower


You were on level 5 of the Lair of Beasts.
You worshipped Beogh.
Beogh was extremely pleased with you.
You visited 3 branches of the dungeon, and saw 17 of its levels.
You also visited: Ice Cave.

You collected 972 gold pieces.
You spent 120 gold pieces at shops.

Inventory:

Hand Weapons
 a - a +5 battleaxe of freezing (weapon)
 b - a +0 morningstar
 K - a +1 war axe
Missiles
 h - a boomerang of dispersal
 j - 2 throwing nets
 k - 15 poisoned darts
 y - 2 silver boomerangs
 S - 10 boomerangs (quivered)
Armour
 c - a +0 buckler
 v - a +2 pair of gloves (worn)
 x - a +0 cloak
 B - the +5 chain mail "Riustri" (worn) {+Blink rElec Will- MP+9}
   (You found it on level 8 of the Dungeon)

   rElec:     It insulates you from electricity.
   MP:        It affects your magic capacity (+9).
   +Blink:    It lets you blink.
   Will:      It decreases your willpower.
 M - a +0 helmet
 Q - a +2 helmet of see invisible
 R - a +2 cloak (worn)
 Y - the +4 helmet of the Tuna (worn) {Dex+6}
   (You acquired it on level 5 of the Lair of Beasts)

   Dex:       It affects your dexterity (+6).
Jewellery
 f - a ring of willpower (left hand)
 n - a ring of protection from cold (right hand)
 p - an amulet of reflection (around neck)
 L - a ring of fire
Wands
 q - a wand of flame (45)
 C - a wand of polymorph (12)
 E - a wand of charming (7)
 G - a wand of paralysis (5)
 J - a wand of mindburst (25)
Scrolls
 e - 8 scrolls of identify
 s - 6 scrolls of teleportation
 w - 6 scrolls of fear
 D - 2 scrolls of summoning
 H - 4 scrolls of fog
 N - 4 scrolls of magic mapping
 P - 5 scrolls of blinking
 V - a scroll of holy word
 W - a scroll of amnesia
 X - 2 scrolls of enchant armour
Potions
 d - a potion of invisibility
 i - 3 potions of attraction
 m - 9 potions of curing
 o - 2 potions of brilliance
 r - 2 potions of magic
 z - a potion of mutation
 A - 3 potions of haste
 F - a potion of berserk rage
 T - a potion of cancellation
 U - a potion of flight {unknown}
Miscellaneous
 t - a phial of floods


   Skills:
 + Level 12.1 Fighting
 + Level 18.9 Axes
 + Level 8.9 Throwing
 + Level 11.1 Armour
 + Level 8.1 Dodging
 - Level 3.2 Shields


You had 13 spell levels left.
You didn't know any spells.
Your spell library contained the following spells:

 Spells                   Type           Power      Damage    Failure   Level
 Static Discharge         Conj/Air       0%         N/A       99%         2
 Gell's Gravitas          Tloc           0%         N/A       100%        3
 Teleport Other           Tloc           0%         N/A       100%        3
 Animate Armour           Summ/Erth      0%         N/A       100%        4
 Petrify                  Tmut/Erth      0%         N/A       100%        4
 Blade Hands              Tmut           0%         N/A       100%        5
 Lightning Bolt           Conj/Air       0%         1d11      100%        5
 Metabolic Englaciation   Hex/Ice        0%         N/A       100%        5
 Dispersal                Tloc           0%         N/A       100%        6
 Iron Shot                Conj/Erth      0%         9d1       100%        6
 Statue Form              Tmut/Erth      0%         N/A       100%        6
 Maxwell's Capacitive Co  Air            0%         ∞         100%        8


Dungeon Overview and Level Annotations

Branches:
Dungeon (11/15)            Temple (1/1) D:4            Lair (5/6) D:9
  Swamp (0/4) Lair:4       Spider (0/4) Lair:4          Orc (0/2) D:9
  IceCv (visited)
  Slime: Lair:5-6

Altars:
Ashenzari
Cheibriados
Dithmenos
Elyvilon
Fedhas
Gozag
Hepliaklqana
Kikubaaqudgha
Makhleb
Nemelex Xobeh
Okawaru
Qazlal
Ru
Sif Muna
Trog
Uskayaw
Vehumet
Wu Jian
Xom
Yredelemnul
Zin
The Shining One
Beogh
Lugonu

Shops:
D:5 *?=(

Annotations:
D:4 4 runed translucent doors
D:8 1 runed translucent door
D:10 dig
Lair:2 1 runed translucent door, Suk Xiy's ghost, journeyman DrTm
Lair:3 1 runed translucent door


Message History

Zorug roars a battlecry!
Your orcs go into a battle-frenzy!
You barely miss the moth of wrath. You block the moth of wrath's attack.
You closely miss the moth of wrath. You block the moth of wrath's attack.
Your orc knight roars a battlecry!
Zorug goes into a battle-frenzy!
You slash the moth of wrath! You freeze the moth of wrath.
The moth of wrath is moderately wounded.
The moth of wrath bites you! The moth of wrath infuriates you!
A red film seems to cover your vision as you go berserk!
You feel yourself moving faster!
You feel mighty!
Zorug splashes around in the water.
You carve the moth of wrath like a ham!!!
You freeze the moth of wrath!
You kill the moth of wrath!
Beogh accepts your kill.
You start resting.
You feel a strong urge to attack something.
You start resting.
A swamp worm comes into view.
A swamp worm is nearby!
A swamp worm is nearby!
You feel your anger nearly subside.
You are no longer berserk.
You are exhausted.
You feel yourself slow down.
The swamp worm fires a harpoon shot at you.
The harpoon shot hits you!
* * * LOW HITPOINT WARNING * * *
You are yanked forward by the harpoon shot.
The swamp worm bites you but does no damage.
The swamp worm bites you!
* * * LOW HITPOINT WARNING * * *
The swamp worm bites you but does no damage.
The swamp worm bites you!
* * * LOW HITPOINT WARNING * * *
You slash the swamp worm! You freeze the swamp worm.
The swamp worm is heavily wounded.
The swamp worm bites you!
You die...

.............≈≈≈≈≈≈≈..
.....#
............o≈##≈##≈≈.
...... ...........≈o≈#
≈# ......
...........≈≈## #
...... ...........≈o#
...... .......##≈≈o≈##
..... .....# #≈#≈≈≈#
.#.. ##≈#≈w## ###≈@≈#
##≈≈≈≈≈≈≈. #≈≈≈≈≈≈..
###≈..... #.#.## ##.#


You could see a swamp worm (ally target), a friendly orc knight (strong), the
friendly Marbaugh the orc knight (strong), the friendly Zorug the orc knight
(strong) and the friendly Urug (strong).

Vanquished Creatures
  Gastronok (Lair:2)
  A reaper (IceCv)
  2 hydras (Lair:5)
  2 two-headed ogres
  6 death yaks
  A fire crab (Lair:5)
  A manticore (D:9)
  A moth of wrath (Lair:5)
  A black mamba (Lair:3)
  2 ice statues (IceCv)
  3 cane toads
  Maggie (D:9)
  Psyche (D:10)
  5 komodo dragons
  4 ice devils (IceCv)
  2 blink frogs (Lair:2)
  2 dream sheep (Lair:4)
  34 yaks
  2 wyverns
  A wraith (D:10)
  A basilisk (Lair:4)
  A death yak simulacrum (Lair:4)
  2 swamp worms (Lair:5)
  4 water moccasins
  A black bear (Lair:2)
  2 ice beasts
  3 orc warriors
  2 necrophages
  3 sky beasts
  2 wolves (Lair:3)
  8 centaurs
  3 ogres
  A kobold brigand (D:9)
  8 bullfrogs
  5 scorpions
  A gnoll sergeant (D:7)
  3 two-headed ogre simulacra (IceCv)
  3 cane toad simulacra (IceCv)
  2 water moccasin zombies (D:6)
  2 killer bees (D:10)
  An elephant simulacrum (IceCv)
  15 wights
  An electric eel (D:6)
  2 howler monkeys (D:10)
  A bullfrog zombie (D:5)
  5 centaur zombies
  5 orc priests
  4 hounds
  A gnoll shaman (D:6)
  3 jellies
  2 bullfrog skeletons
  3 iron imps (D:7)
  17 orc wizards
  4 iguanas
  A hell rat (Lair:4)
  A polar bear simulacrum (Lair:4)
  2 spriggan simulacra (IceCv)
  2 wolf simulacra
  3 killer bee zombies (D:7)
  4 adders
  13 gnolls
  3 naga simulacra (IceCv)
  7 river rats
  A shadow imp (D:7)
  4 white imps
  3 ufetubi
  An adder zombie (D:5)
  2 adder skeletons
  2 worms
  3 dart slugs
  39 orcs
  A bat (D:1)
  10 endoplasms
  4 giant cockroaches
  4 hobgoblins (D:2)
  4 jackals (D:1)
  4 quokkas
  7 ball pythons
  4 frilled lizards
  11 goblins
  12 kobolds
  7 rats
353 creatures vanquished.

Vanquished Creatures (collateral kills)
  A dire elephant (Lair:5)
  The ghost of shugdite the Carver, a journeyman DrBe of Trog (D:11)
  2 boulder beetles
  6 hydras
  2 death yaks (Lair:5)
  A catoblepas (Lair:2)
  A tengu warrior (D:11)
  2 two-headed ogres (D:11)
  Sonja (D:10)
  A will-o-the-wisp (Lair:4)
  6 elephants
  4 black mambas
  A demonic crawler (Lair:5)
  10 cane toads
  A tengu conjurer (D:11)
  4 rime drakes (Lair:4)
  2 komodo dragons
  An anaconda simulacrum (IceCv)
  2 polar bears
  5 blink frogs (Lair:2)
  3 dream sheep (Lair:4)
  2 spriggans (Lair:1)
  3 wyverns
  9 yaks
  3 basilisks
  An acid dragon (D:11)
  6 water moccasins
  An orc warrior (D:11)
  A wolf (Lair:3)
  4 bullfrogs
  An elephant simulacrum (Lair:4)
  A howler monkey (D:10)
  An orc priest (D:11)
  A hell rat (Lair:4)
  2 polar bear simulacra (Lair:4)
  8 river rats
  4 orcs
  2 fungi
107 creatures vanquished.

Vanquished Creatures (others)
  2 orc warriors
  A killer bee (D:10)
  2 orc priests
  4 orc wizards
  13 orcs
  6 foxfires (Lair:4)
  47 fungi
  69 plants
144 creatures vanquished.

Grand Total: 604 creatures vanquished

Notes
Turn   | Place    | Note
-------+----------+-------------------------------------------
     0 | D:1      | raph the Hill Orc Fighter began the quest for the Orb.
     0 | D:1      | Reached XP level 1. HP: 19/19 MP: 1/1
    43 | D:1      | Reached skill level 3 in Axes
   170 | D:1      | Reached XP level 2. HP: 20/26 MP: 2/2
   183 | D:1      | Reached skill level 4 in Axes
   707 | D:1      | Reached XP level 3. HP: 31/31 MP: 3/3
  1018 | D:2      | Reached skill level 5 in Axes
  1393 | D:2      | Reached XP level 4. HP: 38/39 MP: 4/4
  1499 | D:2      | Found a faded altar of an unknown god.
  1736 | D:3      | Reached skill level 6 in Axes
  1873 | D:3      | Reached XP level 5. HP: 41/45 MP: 5/5
  2480 | D:3      | Reached skill level 7 in Axes
  2676 | D:4      | Found a shadowy altar of Dithmenos.
  2692 | D:4      | Reached skill level 8 in Axes
  2692 | D:4      | Reached XP level 6. HP: 22/51 MP: 6/6
  4022 | D:4      | Found a staircase to the Ecumenical Temple.
  4032 | Temple   | Entered the Ecumenical Temple
  4200 | D:4      | Reached skill level 9 in Axes
  4686 | D:4      | Found a large runed translucent door.
  4686 | D:4      | Found a large runed translucent door.
  4691 | D:4      | Noticed a sky beast
  4709 | D:4      | Noticed a necrophage
  4720 | D:4      | Reached XP level 7. HP: 52/57 MP: 7/7
  4728 | D:4      | Reached skill level 10 in Axes
  4808 | D:4      | Found a large runed translucent door.
  4808 | D:4      | Found a large runed translucent door.
  5253 | D:5      | Entered Level 5 of the Dungeon
  5296 | D:5      | Reached skill level 11 in Axes
  5345 | D:5      | Found Kyczar's General Store.
  5349 | D:5      | Found Rimigeh's Antique Weapon Boutique.
  5349 | D:5      | Found Bama Tox's Magic Scroll Shoppe.
  5351 | D:5      | Found Ustren's Jewellery Emporium.
  5374 | D:5      | Bought a scroll of fear for 38 gold pieces
  5374 | D:5      | Bought a scroll of enchant armour for 82 gold pieces
  5387 | D:5      | Reached XP level 8. HP: 63/64 MP: 8/8
  5482 | D:5      | Reached skill level 12 in Axes
  5888 | D:5      | Found a stormy altar of Qazlal.
  6574 | D:6      | Found a hide-covered altar of Uskayaw.
  6581 | D:6      | Found a glowing golden altar of the Shining One.
  6598 | D:6      | Reached skill level 13 in Axes
  6934 | D:6      | Found a white marble altar of Elyvilon.
  6954 | D:6      | Reached skill level 14 in Axes
  7202 | D:6      | Reached XP level 9. HP: 67/70 MP: 9/9
  7257 | D:6      | Identified the +1 robe of Moral Flaws {rPois rN++ rCorr
                  | Int-5}
  7273 | D:6      | Reached skill level 15 in Axes
  8490 | D:7      | Found a burning altar of Makhleb.
  8711 | D:7      | Reached skill level 16 in Axes
  8757 | D:7      | Became a worshipper of Beogh the Brigand
  8867 | D:7      | Reached skill level 1 in Throwing
  8867 | D:7      | Reached skill level 1 in Dodging
  8905 | D:7      | Reached skill level 5 in Fighting
  8905 | D:7      | Reached XP level 10. HP: 37/81 MP: 10/10
  9394 | D:7      | Found a blossoming altar of Fedhas.
  9429 | D:7      | Reached skill level 5 in Armour
  9803 | D:8      | Found an iron altar of Okawaru.
  9833 | D:8      | Found a glowing silver altar of Zin.
 10018 | D:8      | Reached * piety under Beogh
 10034 | D:8      | Identified the +5 chain mail "Riustri" {+Blink rElec Will-
                  | MP+9}
 10771 | D:8      | Noticed a two-headed ogre
 10779 | D:8      | Killed a two-headed ogre
 10951 | D:8      | Noticed a centaur warrior
 10951 | D:8      | Noticed a cyclops
 10951 | D:8      | Noticed a catoblepas
 10953 | D:8      | Found a runed translucent door.
 10955 | D:8      | Noticed a manticore
 10955 | D:8      | Identified the ring "Ocyczol" {rF+ rC- rN+ Dex+6}
 10955 | D:8      | Noticed a centaur warrior
 10955 | D:8      | Found the necklace of Bloodlust {*Rage Will++ Int-3 Slay+6}
 11215 | D:9      | Found a bloodstained altar of Trog.
 11449 | D:9      | Reached ** piety under Beogh
 11450 | D:9      | Found a staircase to the Orcish Mines.
 11485 | D:9      | Noticed Maggie
 11496 | D:9      | Killed Maggie
 11503 | D:9      | Reached XP level 11. HP: 38/92 MP: 11/11
 11807 | D:9      | Reached *** piety under Beogh
 11809 | D:9      | Found a staircase to the Lair.
 11812 | D:9      | Noticed a death yak
 11813 | D:9      | Noticed a death yak
 11815 | D:9      | Noticed a death yak
 12390 | D:9      | Killed a death yak
 12391 | D:9      | Reached skill level 5 in Throwing
 12506 | D:9      | Noticed a manticore
 12520 | D:9      | Killed a manticore
 12736 | Lair:1   | Entered Level 1 of the Lair of Beasts
 12983 | D:9      | Killed a death yak
 12995 | D:9      | Killed a death yak
 12996 | D:9      | Reached skill level 5 in Dodging
 13304 | D:10     | Entered Level 10 of the Dungeon
 13329 | D:10     | Noticed Psyche
 13339 | D:10     | Killed Psyche
 13421 | D:10     | Found a snail-covered altar of Cheibriados.
 13422 | D:10     | Found a broken altar of Ashenzari.
 13683 | D:10     | Noticed Sonja
 13690 | D:10     | Noticed a two-headed ogre
 13695 | D:10     | Killed a two-headed ogre
 13697 | D:10     | Killed Sonja
 13971 | D:10     | Found a basalt altar of Yredelemnul.
 13975 | D:10     | Found an ornate altar of the Wu Jian Council.
 14072 | D:11     | Noticed a seven-headed hydra
 14081 | D:11     | Killed a seven-headed hydra
 14475 | D:11     | Noticed a two-headed ogre
 14481 | D:11     | Killed a two-headed ogre
 14659 | D:11     | Reached XP level 12. HP: 72/104 MP: 12/12
 14778 | D:11     | Noticed Urug
 14920 | D:11     | Noticed a five-headed hydra
 14925 | D:11     | Killed a five-headed hydra
 14926 | D:11     | Reached skill level 17 in Axes
 15107 | D:11     | Found a runed translucent gate.
 15108 | D:11     | Found a runed translucent gate.
 15108 | D:11     | Noticed shugdite's ghost (journeyman DrBe)
 15110 | D:11     | Found a runed translucent gate.
 15110 | D:11     | Identified the +5 plate armour of the Pirate {Harm Str+2}
 15120 | D:11     | Found a roughly hewn altar of Beogh.
 15136 | D:11     | Killed shugdite's ghost
 15283 | D:11     | Noticed a tengu warrior
 15293 | D:11     | Killed a tengu warrior
 15302 | D:11     | Noticed a two-headed ogre
 15311 | D:11     | Killed a two-headed ogre
 16589 | Lair:1   | Gained Marbaugh as an ally
 16784 | Lair:1   | Noticed an eight-headed hydra
 16792 | Lair:1   | Killed an eight-headed hydra
 17788 | Lair:2   | Noticed a boulder beetle
 18007 | Lair:2   | Killed a boulder beetle
 18215 | Lair:2   | Reached skill level 10 in Fighting
 18219 | Lair:2   | Reached **** piety under Beogh
 18411 | Lair:2   | Noticed Gastronok
 18423 | Lair:2   | Killed Gastronok
 18897 | Lair:2   | Noticed a catoblepas
 18912 | Lair:2   | Killed a catoblepas
 19067 | Lair:2   | Found a runed translucent door.
 19070 | Lair:2   | Identified the +9 spear of Bodily Humours {elec, rF- rCorr
                  | Dex+4 SInv}
 19070 | Lair:2   | Noticed Suk Xiy's ghost (journeyman DrTm)
 19414 | Lair:3   | Noticed a six-headed hydra
 19424 | Lair:3   | Killed a six-headed hydra
 19425 | Lair:3   | Reached XP level 13. HP: 107/114 MP: 13/13
 19537 | Lair:3   | Found a runed translucent door.
 19576 | Lair:3   | Reached skill level 18 in Axes
 20364 | Lair:4   | Found a hole to the Spider Nest.
 20366 | Lair:4   | Reached skill level 10 in Armour
 20542 | Lair:4   | Found a frozen archway.
 20565 | IceCv    | Entered an ice cave
 20929 | IceCv    | Reached ***** piety under Beogh
 20963 | IceCv    | Noticed a reaper
 20976 | IceCv    | Killed a reaper
 21460 | Lair:4   | Found a staircase to the Swamp.
 21481 | Lair:4   | Gained Zorug as an ally
 23064 | Lair:5   | Noticed a dire elephant
 23072 | Lair:5   | Killed a dire elephant
 23663 | Lair:5   | Identified a scroll of acquirement
 23664 | Lair:5   | Acquired the +4 helmet of the Tuna {Dex+6}
 23967 | Lair:5   | Reached XP level 14. HP: 83/125 MP: 14/14
 24118 | Lair:5   | HP: 6/126 [swamp worm (13)]
 24119 | Lair:5   | Slain by a swamp worm

Illustrated notes

Levels and vault maps discovered:
D:1:      dpeg_arrival_tiny_h, layout_rooms
D:2:      layout_loops_cross, hellmonk_ecumenical_altar_run_dry
D:3:      layout_rooms
D:4:      layout_cave_pools, mainiacjoe_overflow_boulevard,
          minmay_temple_entry_antechambers, serial_rivers,
          chequers_serial_rivers_small_b, chequers_serial_rivers_micro_e,
          chequers_serial_rivers_small_a, chequers_serial_rivers_micro_b,
          minmay_hollow_rounded_squares, uniq_crazy_yiuf_cottage
D:5:      layout_basic, grunt_qazlal_clouds, nicolae_wooded_promenade
D:6:      layout_loops_ring, kennysheep_mini_moat, nicolae_elyvilon_temple_path,
          mainiacjoe_overflow_small_starburst
D:7:      layout_basic, demons_altar, fedhas_ov_isle_minmay, enter_bailey_5
D:8:      minmay_gate_of_8, layout_layer_cave, zin_academy,
          mainiacjoe_overflow_tiny_flanked
D:9:      layout_roguey, trog_butcher_becter, dpeg_lair_monsters,
          hiddenorc2_lemuel, uniq_maggie
D:10:     minmay_weird_star, layout_cross, nicolae_overflow_hidden_temple,
          uniq_sonja, uniq_psyche
D:11:     layout_stronghold, biasface_ghost_orc_armoury, minmay_crystal_room,
          uniq_urug
Temple:   corrupted_temple
Lair:1:   wad_woods_tower, layout_regular_city
Lair:2:   layout_loops_ring, ebering_ghost_funeral_grove, lemuel_fruit_fields,
          uniq_gastronok
Lair:3:   dreamdust_labyrinth, layout_regular_city, grunt_megastairs_2
Lair:4:   layout_big_grid, minmay_swamp_entry_wisps,
          spider_nest_entry_web_field, portal_ice_cave_entry_ice_simulacra,
          kennysheep_rathole
Lair:5:   nzn_winding_woodlands_cross [nzn_winding_woodlands_5x15_twine,
          nzn_winding_woodlands_5x15_split_checker,
          nzn_winding_woodlands_5x15_sidewinder, nzn_winding_woodlands_5x15_eye,
          nzn_winding_woodlands_15x15_boxy_spiral], layout_gridlike,
          worms_lemuel

Skill      XL: |  1  2  3  4  5  6  7  8  9 10 11 12 13 14 |
---------------+-------------------------------------------+-----
Axes           | 3 4 5 6 8 9 11 14 16 17 18 | 18.9
Fighting       | 5 7 9 10 11 12 | 12.1
Throwing       | 2 4 6 7 8 |  8.9
Dodging        | 2 4 5 6 8 |  8.1
Armour         | 4 6 8 9 11 | 11.1
Shields        | |  3.2

Action                   |  1- 3 |  4- 6 |  7- 9 | 10-12 | 13-15 || total
-------------------------+-------+-------+-------+-------+-------++-------
Melee: War axe           |   119 |   163 |   314 |   110 |       ||   706
       Battleaxe         |       |       |       |   385 |   235 ||   620
       Morningstar       |       |       |       |    11 |    14 ||    25
Throw: Dart              |       |    11 |       |     3 |       ||    14
       Boomerang         |       |     5 |       |     1 |       ||     6
Invok: Convert to Beogh  |       |       |     1 |       |       ||     1
       Recall Orcish Fol |       |       |       |       |     2 ||     2
       Give Item to Name |       |       |       |       |     2 ||     2
  Use: Scroll            |     1 |     7 |     9 |    14 |     3 ||    34
       Potion            |       |       |     2 |     2 |     1 ||     5
 Stab: Distracted        |       |       |       |     2 |     2 ||     4
Armor: Scale mail        |    48 |    42 |    13 |       |       ||   103
       Chain mail        |       |       |    62 |   263 |   148 ||   473
Dodge: Dodged            |    58 |    69 |    59 |   182 |   132 ||   500
Block: Buckler           |    37 |    77 |   116 |    57 |       ||   287
       Reflection        |       |     3 |     4 |     9 |       ||    16
       Other             |       |       |       |    82 |    48 ||   130
